 Dungeon Crawl Stone Soup version 0.29.1 (webtiles) character file.

Game seed: 10169291063510495162

137 funnyparkerb the Cudgeller (level 5, -3/32 HPs)
             Began as a Gargoyle Fighter on Sept 12, 2022.
             Killed from afar by an orc wizard (8 damage)
             ... with a puff of flame
             ... on level 4 of the Dungeon.
             The game lasted 00:02:44 (2353 turns).

funnyparkerb the Cudgeller (Gargoyle Fighter)       Turns: 2353, Time: 00:02:45

Health: -3/32      AC: 15    Str: 27    XL:     5   Next: 20%
Magic:  5/5        EV:  9    Int:  9    God:
Gold:   109        SH:  9    Dex:  9    Spells: 4/4 levels left

rFire   . . .      SeeInvis .   t - +0 morningstar
rCold   . . .      Faith    .   c - +0 buckler
rNeg    + . .      Spirit   .   b - +0 scale mail
rPois   ∞          Reflect  +   (no helmet)
rElec   +          Harm     .   n - +0 cloak
rCorr   .          Rampage  .   (no gloves)
Will    .....                   o - +2 pair of boots
Stlth   ..........              l - amulet of reflection
HPRegen 0.10/turn               j - +6 ring of strength
MPRegen 0.09/turn               (no ring)

@: mighty
A: sickness immunity, AC +4, negative energy resistance 1, electricity
resistance, torment resistance 1, petrification resistance
a: no special abilities


You were on level 4 of the Dungeon.
You visited 1 branch of the dungeon, and saw 4 of its levels.

You collected 109 gold pieces.

Inventory:

Hand Weapons
 t - a +0 morningstar (weapon)
Armour
 b - a +0 scale mail (worn)
 c - a +0 buckler (worn)
 n - a +0 cloak (worn)
 o - a +2 pair of boots (worn)
Jewellery
 j - a +6 ring of strength (left hand)
 l - an amulet of reflection (around neck)
Scrolls
 a - a scroll of teleportation {unknown}
 h - a scroll of poison {unknown}
 i - a scroll of summoning {unknown}
 k - 3 scrolls of enchant weapon {unknown}
 q - 2 scrolls of identify {unknown}
 r - a scroll of blinking {unknown}
Potions
 e - 4 potions of curing {unknown}
 f - 3 potions of mutation {unknown}
 g - a potion of berserk rage {unknown}
 m - a potion of invisibility {unknown}
 p - a potion of magic {unknown}
 s - a potion of degeneration {unknown}


   Skills:
 - Level 3.2 Fighting
 + Level 5.2 Maces & Flails
 - Level 3.2 Armour
 - Level 3.2 Shields


You had 4 spell levels left.
You didn't know any spells.
Your spell library contained the following spells:

 Spells                   Type           Power      Damage    Failure   Level
 Summon Small Mammal      Summ           0%         N/A       75%         1
 Call Canine Familiar     Summ           0%         N/A       98%         3
 Frozen Ramparts          Ice            0%         1d1       98%         3
 Summon Guardian Golem    Hex/Summ       0%         N/A       98%         3
 Ice Form                 Ice/Tmut       0%         N/A       100%        4
 Summon Ice Beast         Ice/Summ       0%         N/A       100%        4


Dungeon Overview and Level Annotations

Branches:
Dungeon (4/15)
 Temple: D:4-7

Altars:


Innate Abilities, Weirdness & Mutations

You are immune to sickness and miasma.
Your stone body is resilient. (AC +4)
You are immune to poison.
You resist negative energy. (rN+)
You are resistant to electric shocks. (rElec)
You are resistant to unholy torment.
You are immune to petrification.


Message History

You hear some strange, mumbled words.
A magic dart appears from out of thin air!
The magic dart hits you but does no damage.
You barely miss something.
You feel less confused. Something hits you but does no damage.
You hit something. Something hits you.
* * * LOW HITPOINT WARNING * * *
Something hits you.
* * * LOW HITPOINT WARNING * * *
You closely miss something. Something hits you but does no damage.
You closely miss something.
You hear some strange, mumbled words.
A magic dart appears from out of thin air!
The magic dart hits you.
* * * LOW HITPOINT WARNING * * *
You feel very mighty all of a sudden. Something hits you but does no damage.
You barely miss something.
You hear some strange, mumbled words.
You are confused.
Something hits you but does no damage.
You closely miss something. Something hits you but does no damage.
You're too confused to move!
Something hits you but does no damage.
You're too confused to move!
Something hits you but does no damage. Something hits you but does no damage.
You completely miss something.
You feel less confused.
You hear some strange, mumbled words.
A magic dart appears from out of thin air!
The magic dart hits you but does no damage.
You closely miss something. Something hits you but does no damage.
You barely miss something.
Something hits you but does no damage. x2
You barely miss something. You block something's attack.
You miss something. You block something's attack.
You closely miss something.
You hear some strange, mumbled words.
A puff of flame appears from out of thin air!
The puff of flame hits you!
You die...

#### ..#
#.#####)#
#.....@<#
#..###{(#
......
#.#..##..
......#
...
.......#
..
.###.(###
. #..


There were no monsters in sight!

Vanquished Creatures
  A scorpion (D:4)
  An adder (D:2)
  A dart slug (D:1)
  6 orcs
  3 bats
  2 endoplasms (D:3)
  2 giant cockroaches (D:2)
  5 goblins
  4 hobgoblins
  11 jackals
  3 kobolds
  A quokka (D:1)
  4 ball pythons
  2 frilled lizards (D:2)
  3 rats
49 creatures vanquished.

Notes
Turn   | Place    | Note
-------+----------+-------------------------------------------
     0 | D:1      | funnyparkerb the Gargoyle Fighter began the quest for the
                  | Orb.
     0 | D:1      | Reached XP level 1. HP: 14/14 MP: 1/1
   250 | D:1      | Reached XP level 2. HP: 13/19 MP: 2/2
   372 | D:1      | Reached skill level 3 in Maces & Flails
  1168 | D:2      | Reached XP level 3. HP: 20/23 MP: 3/3
  1565 | D:2      | Reached skill level 4 in Maces & Flails
  1819 | D:3      | Reached XP level 4. HP: 25/28 MP: 4/4
  2286 | D:4      | Noticed a scorpion
  2297 | D:4      | Killed a scorpion
  2298 | D:4      | Reached skill level 5 in Maces & Flails
  2298 | D:4      | Reached XP level 5. HP: 29/32 MP: 5/5
  2353 | D:4      | Killed from afar by an orc wizard

Illustrated notes

Levels and vault maps discovered:
D:1:      minmay_arrival_split_and_join, layout_rooms
D:2:      layout_basic
D:3:      layout_basic, minmay_misc_feat_cross
D:4:      layout_loops_corners

Skill      XL: |  1  2  3  4 |
---------------+-------------+-----
Maces & Flails | 3 4 5 |  5.2
Fighting       | |  3.2
Armour         | |  3.2
Shields        | |  3.2

Action                   |  1- 3 |  4- 6 || total
-------------------------+-------+-------++-------
Melee: Flail             |   133 |    10 ||   143
       Morningstar       |       |    41 ||    41
  Use: Potion            |       |     1 ||     1
Armor: Scale mail        |    68 |    31 ||    99
Dodge: Dodged            |    67 |    14 ||    81
Block: Buckler           |    67 |    18 ||    85
       Reflection        |     1 |     1 ||     2
